 Dungeon Crawl Stone Soup version 0.30-a0-373-gd37427bb62 (webtiles) character file.

Game seed: 2805362696810475060

123 qeuew the Shield-Bearer (level 5, -6/42 HPs)
             Began as a Formicid Fighter on Nov 24, 2022.
             Mangled by an ogre
             ... wielding a +0 giant spiked club
              (18 damage)
             ... on level 4 of the Dungeon.
             The game lasted 00:05:02 (2578 turns).

qeuew the Shield-Bearer (Formicid Fighter)          Turns: 2578, Time: 00:05:03

Health: -6/42      AC:  7    Str: 20    XL:     5   Next: 28%
Magic:  5/5        EV:  9    Int:  6    God:
Gold:   106        SH:  6    Dex: 19    Spells: 4/4 levels left

rFire   . . .      SeeInvis +    a - +1 war axe
rCold   . . .      Faith    .    c - +0 buckler
rNeg    . . .      Spirit   .    b - +0 scale mail
rPois   .          Reflect  .    (helmet unavailable)
rElec   .          Harm     .    (no cloak)
rCorr   .          Rampage  .    (no gloves)
Will    .....                    (no boots)
Stlth   ..........               (no amulet)
HPRegen 0.27/turn                (no ring)
MPRegen 0.09/turn                (no ring)

@: unable to drink
A: permanent stasis, dig shafts and tunnels, antennae 3, four strong arms, agile
1, inability to drink after injury 1, MP-powered wands
a: Dig, Shaft Self


You were on level 4 of the Dungeon.
You visited 1 branch of the dungeon, and saw 4 of its levels.

You collected 106 gold pieces.

Inventory:

Hand Weapons
 a - a +1 war axe (weapon)
Armour
 b - a +0 scale mail (worn)
 c - a +0 buckler (worn)
Scrolls
 e - a scroll of summoning {unknown}
 i - 2 scrolls of enchant weapon
Potions
 d - a potion of might
 g - a potion of magic
 j - a potion of curing
 k - a potion of flight
 l - a potion of heal wounds
 m - a potion of brilliance


   Skills:
 + Level 4.2 Fighting
 + Level 3.0 Axes
 + Level 4.1 Armour
 + Level 5.0 Shields


You had 4 spell levels left.
You didn't know any spells.
Your spell library contained the following spells:

 Spells                   Type           Power      Damage    Failure   Level
 Magic Dart               Conj           0%         1d3       86%         1
 Call Imp                 Summ           0%         N/A       94%         2
 Mephitic Cloud           Conj/Pois/Air  0%         N/A       99%         3


Dungeon Overview and Level Annotations

Branches:
Dungeon (4/15)
 Temple: D:4-7

Altars:
Nemelex Xobeh
Ru

Annotations:
D:3 1 runed translucent door, Crazy Yiuf


Innate Abilities, Weirdness & Mutations

You cannot be hasted, slowed, berserked, paralysed or teleported.
You can dig through walls and to a lower floor.
You have a pair of large antennae on your head. (SInv)
Your four strong arms can wield two-handed weapons with a shield.
You are agile. (Dex +4, Str/Int -1)
You occasionally lose the ability to drink potions when taking damage.
You expend magic power (3 MP) to strengthen your wands.


Message History

Robin says, "Feeling lonely?"
Robin hits you but does no damage.
You slash Robin!
You kill Robin!
Your Shields skill increases to level 5!
Things that are here:
a +0 club; a +0 animal skin; a +0 helmet An ogre comes into view.
It is wielding a +0 giant spiked club.
An ogre is nearby!
Things that are here:
a +0 club; a +0 dagger; a goblin corpse You hit the ogre.
The ogre is moderately wounded.
The ogre closely misses you.
You barely miss the ogre.
The ogre is moderately wounded.
The ogre hits you but does no damage.
You hit the ogre.
The ogre is heavily wounded.
The ogre hits you with a +0 giant spiked club!
You hit the ogre but do no damage.
The ogre is moderately wounded.
You block the ogre's attack.
You slash the ogre!
The ogre is almost dead.
The ogre barely misses you.
You hit the ogre but do no damage.
The ogre is almost dead.
You hit the ogre but do no damage.
The ogre is almost dead.
You block the ogre's attack.
You hit the ogre.
The ogre is almost dead.
The ogre hits you with a +0 giant spiked club!
* * * LOW HITPOINT WARNING * * *
You barely miss the ogre.
The ogre is almost dead.
The ogre hits you with a +0 giant spiked club!!
You feel threatened and lose the ability to drink potions!
You die...

###### ##########
#######.....
.........#####....##.....
........).).......##.....
.......)..).......##.....
........))).......######.
................#....# #.
.#######@.......#....###.
#O................
#.................
#..................
.......#............
.......#............ {
...................
..........#####...#+
#...#+


You could see an ogre.

Vanquished Creatures
  Robin (D:4)
  4 adders
  2 worms
  A dart slug (D:2)
  An orc (D:3)
  5 ball pythons
  10 endoplasms
  A giant cockroach (D:3)
  15 goblins
  4 hobgoblins
  3 jackals (D:1)
  A quokka (D:2)
  5 bats
  A frilled lizard (D:3)
  4 kobolds
  7 rats
65 creatures vanquished.

Notes
Turn   | Place    | Note
-------+----------+-------------------------------------------
     0 | D:1      | qeuew the Formicid Fighter began the quest for the Orb.
     0 | D:1      | Reached XP level 1. HP: 18/18 MP: 1/1
   117 | D:1      | Reached XP level 2. HP: 20/24 MP: 2/2
   358 | D:1      | Reached XP level 3. HP: 29/29 MP: 3/3
  1162 | D:2      | Reached XP level 4. HP: 32/37 MP: 4/4
  1228 | D:2      | Identified the +4 long sword "Newtslayer" {pain, *Corrode
                  | rN++ Dex+4 Stlth+}
  1390 | D:2      | Gained mutation: You occasionally lose the ability to drink
                  | potions when taking damage. [potion of mutation]
  1390 | D:2      | Gained mutation: You sometimes lose the ability to drink
                  | potions when taking damage. [potion of mutation]
  1392 | D:2      | Lost mutation: You sometimes lose the ability to drink
                  | potions when taking damage. [potion of mutation]
  1392 | D:2      | Lost mutation: You occasionally lose the ability to drink
                  | potions when taking damage. [potion of mutation]
  1392 | D:2      | Gained mutation: You occasionally lose the ability to drink
                  | potions when taking damage. [potion of mutation]
  1392 | D:2      | Gained mutation: You are agile. (Dex +4, Str/Int -1)
                  | [potion of mutation]
  1392 | D:2      | Gained mutation: You expend magic power (3 MP) to
                  | strengthen your wands. [potion of mutation]
  1663 | D:3      | Found a sacrificial altar of Ru.
  1755 | D:3      | Found a sparkling altar of Nemelex Xobeh.
  1897 | D:3      | Found a runed translucent door.
  1898 | D:3      | Noticed Crazy Yiuf
  2401 | D:4      | Reached XP level 5. HP: 36/42 MP: 5/5
  2445 | D:4      | Noticed Robin
  2461 | D:4      | Killed Robin
  2462 | D:4      | Reached skill level 5 in Shields
  2566 | D:4      | Noticed an ogre
  2578 | D:4      | Mangled by an ogre

Illustrated notes

Levels and vault maps discovered:
D:1:      roderic_crop_circles_arrival_small, layout_basic
D:2:      layout_basic
D:3:      layout_rooms, nicolae_ru_awakened_eye, lemuel_coloured_pillars_altar,
          uniq_crazy_yiuf_cottage
D:4:      layout_basic, nicolae_gozag_cash_rules_everything_around_me,
          mainiacjoe_overflow_concentric_impassable, uniq_sigmund, uniq_robin,
          uniq_menkaure

Skill      XL: |  1  2  3  4  5 |
---------------+----------------+-----
Fighting       | 4 |  4.2
Armour         | 4 |  4.1
Axes           | 3 |  3.0
Shields        | 5 |  5.0

Action                   |  1- 3 |  4- 6 || total
-------------------------+-------+-------++-------
Melee: War axe           |    74 |    92 ||   166
  Use: Scroll            |     2 |     6 ||     8
       Potion            |     1 |     4 ||     5
Armor: Scale mail        |    45 |    45 ||    90
Dodge: Dodged            |    31 |    40 ||    71
Block: Buckler           |    17 |    25 ||    42

Table legend: (Time is in decaauts)
 A = Elapsed time spent in this place.
 B = Non-inter-level travel time spent in this place.
 C = Inter-level travel time spent in this place.
 D = Time resting spent in this place.
 E = Time spent auto-exploring this place.
 F = Levels seen in this place.
 G = Mean time per level.
                   A        B        C        D        E       F      G
               +--------+--------+--------+--------+--------+-----+--------+
         Total |   2643 |   2549 |     94 |     33 |   2039 |   4 |  660.8 |
       Dungeon |   2643 |   2549 |     94 |     33 |   2039 |   4 |  660.8 |
               +--------+--------+--------+--------+--------+-----+--------+

Top non-repeatable levels by time:
     D:3: 775 daAuts
     D:1: 738 daAuts
     D:2: 704 daAuts
     D:4: 424 daAuts
